Map: Shipwrecked LE

Players

Universalink

  • Race: Protoss Protoss
  • League: Silver
  • Spawn Location: 5:00

CajunHobbit

  • Race: Terran Terran
  • Spawn Location: 3:00

kermit

  • Race: Protoss Protoss
  • Spawn Location: 6:00

Superte

  • Race: Terran Terran
  • Spawn Location: 5:00

Smileblind - Winner!

  • Race: Protoss Protoss
  • Spawn Location: 11:00

Cotita - Winner!

  • Race: Terran Terran
  • Spawn Location: 12:00

EFRAS - Winner!

  • Race: Terran Terran
  • Spawn Location: 9:00

Lucas - Winner!

  • Race: Protoss Protoss
  • Spawn Location: 9:00

VOD

Have the link to the VOD?

Description

Time

  • Played on: Jan. 23, 2019, 11:35 a.m.
  • Length: 24:53
Show
View Real Time Build Order
Export as new Build Order

Universalink Protoss 

Build Orders:  

Get SALT Encoding   

  12  0:00  Probe  
  13  0:11  Probe  
  14  0:27  Probe  
  15  1:10  Pylon  
  15  1:26  Pylon, Probe  
  16  1:34  Probe  
  16  1:35  Assimilator  
  17  1:41  Assimilator  
  17  1:44  Probe  
  18  1:51  Forge  
  18  2:02  Pylon  
  18  2:09  Gateway  
  18  2:15  Gateway  
  18  2:28  Photon Cannon  
  18  2:30  Photon Cannon  
  18  2:32  Photon Cannon  
  18  2:41  Photon Cannon  
  18  2:44  Photon Cannon  
  18  2:47  Photon Cannon  
  18  2:49  Photon Cannon  
  18  2:52  Photon Cannon  
  18  2:54  Photon Cannon  
  18  2:56  Probe  
  18  3:04  Probe  
  20  3:13  Probe  
  21  3:21  Probe  
  22  3:31  Probe  
  23  3:36  Cybernetics Core  
  23  3:42  Photon Cannon  
  23  3:46  Photon Cannon  
  23  3:53  Probe  
  24  4:05  Probe  
  25  4:17  Probe  
  26  5:38  Stalker x2  
  30  5:49  Pylon  
  30  5:51  Pylon  
  30  6:08  Robotics Facility  
  30  6:13  Robotics Facility  
  30  6:19  Robotics Facility  
  30  6:21  Robotics Facility  
  30  6:35  Twilight Council  
  30  6:43  Photon Cannon  
  30  6:47  Photon Cannon  
  30  6:50  Stalker x2  
  34  7:03  Photon Cannon  
  34  7:05  Photon Cannon  
  34  7:06  Photon Cannon  
  34  7:08  Photon Cannon  
  34  7:10  Photon Cannon  
  34  7:16  Blink  
  34  7:20  Stalker x2  
  34  7:21  Immortal x2  
  46  8:11  Nexus  
  46  8:17  Assimilator  
  46  8:21  Assimilator  
  46  8:45  Observer x2  
  46  8:46  Immortal  
  52  8:53  Stalker  
  54  9:23  Stalker, Immortal  
  60  9:29  Stalker  
  62  9:35  Probe  
  63  9:43  Probe  
  63  9:51  Probe  
  64  9:53  Stalker  
  64  9:56  Probe  
  68  10:03  Probe  
  68  10:04  Probe  
  70  11:05  Pylon  
  70  11:09  Pylon  
  70  11:21  Pylon  
  70  11:23  Probe x2  
  72  11:32  Probe  
  72  11:35  Probe  
  74  11:41  Probe  
  75  11:47  Probe  
  75  11:49  Probe  
  75  11:50  Observer  
  75  11:51  Immortal x3  
  90  12:02  Probe  
  91  13:10  Immortal  
  93  13:15  Immortal  
Show
View Real Time Build Order
Export as new Build Order

CajunHobbit Terran 

Build Orders:  

Get SALT Encoding   

  12  0:08  SCV  
  13  0:20  SCV  
  14  0:32  SCV  
  15  0:42  Supply Depot  
  15  0:44  Supply Depot  
  15  0:45  Refinery  
  15  0:48  Refinery  
  15  1:03  SCV  
  16  1:05  Barracks  
  16  1:19  Barracks  
  16  1:27  SCV  
  17  1:39  SCV  
  18  1:51  SCV  
  19  1:55  Marine  
  19  1:59  Engineering Bay  
  20  2:03  SCV  
  21  2:09  Marine  
  21  2:12  Marine  
  23  2:16  SCV  
  24  2:26  Marine  
  24  2:28  SCV  
  26  2:34  Marine  
  27  2:39  Factory  
  27  2:41  SCV  
  28  2:44  Marine  
  29  2:56  Neosteel Armor  
  29  3:07  SCV  
  29  3:08  Supply Depot  
  30  3:19  SCV, Supply Depot  
  31  3:25  Factory Tech Lab  
  31  3:31  Missile Turret  
  31  3:38  Missile Turret  
  31  3:47  Siege Tank  
  34  3:55  Missile Turret  
  34  4:02  Planetary Fortress  
  34  4:16  Missile Turret  
  34  4:31  Missile Turret  
  34  4:43  Missile Turret  
  34  4:45  Missile Turret  
  34  4:47  Hi-Sec Auto Tracking  
  34  4:57  Siege Tank  
  37  5:05  Missile Turret  
  37  5:10  Factory  
  37  5:27  Missile Turret  
  37  5:41  Command Center  
  37  5:53  SCV  
  38  6:05  SCV  
  38  6:07  Missile Turret  
  39  6:17  SCV  
  40  6:27  Missile Turret  
  40  6:29  SCV  
  41  6:41  SCV  
  42  6:50  Missile Turret  
  42  6:53  Refinery  
  42  6:54  Orbital Command  
  42  6:57  Factory Reactor  
  42  7:12  Missile Turret  
  42  7:13  SCV  
  42  7:14  Missile Turret  
  43  7:21  SCV  
  44  7:25  SCV  
  45  7:34  Missile Turret  
  45  7:36  Missile Turret  
  45  7:37  SCV  
  45  7:40  SCV  
  45  7:41  Refinery  
  47  7:48  Widow Mine x3  
  47  7:49  SCV  
  54  7:52  SCV  
  55  8:01  SCV  
  55  8:04  SCV  
  57  8:09  Widow Mine x2  
  61  8:16  SCV  
  62  8:34  Supply Depot x2  
  62  8:36  Supply Depot  
  62  8:39  Supply Depot  
  62  8:56  Widow Mine x3  
  62  8:59  Supply Depot  
  68  9:08  Starport  
  68  9:09  Starport  
  68  9:12  Starport  
  68  9:17  Widow Mine x3  
  68  9:22  Starport  
  74  9:26  Starport  
  74  9:27  Starport  
  74  9:31  Armory  
  74  9:33  Armory  
  74  10:05  Starport Tech Lab x5  
  74  10:06  Starport Tech Lab  
  74  10:23  Drilling Claws  
  74  10:25  Cloaking Field  
  74  10:27  Hyperflight Rotors  
  74  10:30  Terran Vehicle Weapons Level 1, Terran Ship Weapons Level 1  
  74  10:32  Banshee x3  
  74  10:33  Banshee x3  
  92  10:40  Supply Depot  
  92  10:41  Supply Depot  
  92  11:04  Supply Depot  
  92  11:08  Supply Depot  
  92  11:15  Banshee x4  
  92  11:16  Banshee  
  107  11:20  Banshee  
  114  11:40  Widow Mine x3  
  114  11:41  Smart Servos  
  116  11:49  Supply Depot  
  116  11:52  Supply Depot  
  116  12:13  Supply Depot  
  116  12:15  Supply Depot  
  116  12:27  Missile Turret  
  116  12:35  Terran Ship Weapons Level 2, Terran Vehicle Weapons Level 2  
  116  12:37  Supply Depot  
  116  12:38  Banshee x3  
  116  12:40  Banshee  
  116  12:41  Supply Depot  
  113  14:41  Viking x2  
  113  14:42  Viking x4  
  107  15:11  Viking x2  
  107  15:12  Viking x4  
  116  15:41  Viking x2  
  116  15:42  Viking x4  
  128  16:11  Viking x3  
  128  16:12  Viking x3  
  128  16:35  Terran Vehicle Weapons Level 3, Terran Ship Weapons Level 3  
  128  16:38  Widow Mine x3  
  134  16:41  Viking x2  
  138  16:53  Viking  
  138  16:54  Viking x3  
  146  16:59  Widow Mine  
  146  17:00  Widow Mine x2  
  152  17:11  Viking x2  
  156  17:21  Widow Mine x3  
  162  17:23  Viking x2  
  166  17:42  Widow Mine x2  
  166  17:43  Widow Mine  
  140  17:47  Viking x3  
  140  17:48  Viking  
  132  17:53  Viking x2  
  136  18:04  Widow Mine  
  138  18:17  Viking x4  
  146  18:26  Viking  
  148  18:39  Viking  
  150  18:53  Viking  
  108  19:25  Terran Vehicle And Ship Armor Level 1  
  108  19:46  Viking x3  
  96  21:14  Command Center  
  96  21:41  Banshee x2  
  82  22:42  Refinery  
  76  22:46  Refinery  
  56  23:15  Planetary Fortress  
  60  23:22  Missile Turret x3  
  56  23:29  Engineering Bay  
  56  23:59  Missile Turret  
  56  24:01  Missile Turret  
  56  24:02  Missile Turret x2  
  56  24:04  Missile Turret  
  56  24:05  Missile Turret  
Show
View Real Time Build Order
Export as new Build Order

kermit Protoss 

Build Orders: Carriers 

Get SALT Encoding   

  1  0:00  Probe  
  12  0:06  Probe  
  14  0:22  Pylon  
  14  0:25  Probe  
  15  0:34  Assimilator  
  15  0:40  Probe  
  16  0:50  Pylon  
  16  0:53  Probe  
  17  1:08  Forge  
  17  1:11  Gateway  
  17  1:17  Assimilator  
  17  1:33  Probe  
  17  1:36  Pylon  
  18  1:41  Probe  
  19  1:50  Probe  
  20  1:57  Photon Cannon  
  20  2:01  Photon Cannon  
  20  2:13  Probe  
  20  2:21  Probe  
  22  2:30  Probe  
  22  2:35  Cybernetics Core  
  22  2:36  Cybernetics Core  
  23  2:42  Pylon  
  23  2:57  Nexus  
  23  3:24  Pylon  
  23  3:33  Pylon  
  23  3:38  Pylon  
  23  3:47  Stargate  
  23  3:51  Stargate  
  23  4:04  Photon Cannon  
  23  4:08  Photon Cannon  
  23  4:12  Probe  
  24  4:20  Probe  
  25  4:29  Stargate, Probe  
  26  4:41  Probe  
  27  4:46  Nexus  
  27  4:53  Probe  
  28  5:05  Probe  
  29  5:12  Stargate  
  29  5:17  Probe  
  30  5:22  Fleet Beacon  
  30  5:25  Probe  
  30  5:33  Probe  
  31  5:38  Assimilator  
  32  5:43  Assimilator  
  32  5:44  Probe  
  32  5:45  Pylon  
  33  5:50  Pylon  
  33  5:54  Pylon  
  33  5:56  Probe  
  34  6:07  Photon Cannon  
  34  6:08  Probe  
  35  6:14  Photon Cannon  
  35  6:18  Photon Cannon, Probe  
  36  6:26  Probe  
  37  6:34  Probe  
  38  6:46  Probe  
  39  6:50  Probe  
  40  6:58  Probe  
  40  6:59  Probe  
  41  7:05  Stargate  
  41  7:07  Probe  
  42  7:11  Probe  
  42  7:12  Stargate  
  44  7:16  Stargate  
  44  7:19  Probe  
  44  7:21  Stargate  
  45  7:29  Probe  
  45  7:31  Assimilator  
  45  7:36  Assimilator  
  46  7:37  Probe  
  46  7:42  Pylon  
  47  7:46  Pylon, Probe  
  47  7:50  Pylon  
  48  7:54  Pylon  
  48  7:58  Probe  
  49  8:07  Protoss Air Armor Level 1, Protoss Air Weapons Level 1  
  49  8:10  Probe  
  50  8:13  Probe  
  51  8:21  Probe  
  51  8:22  Probe  
  53  8:30  Probe  
  54  8:34  Probe  
  54  8:39  Nexus  
  55  8:42  Assimilator  
  55  8:46  Probe  
  55  8:47  Assimilator  
  56  8:49  Pylon  
  56  8:54  Pylon  
  56  8:58  Pylon  
  56  9:02  Pylon  
  56  9:06  Pylon  
  56  9:10  Pylon  
  56  9:13  Pylon  
  56  9:22  Probe  
  56  9:30  Probe  
  57  9:38  Probe  
  59  9:46  Probe  
  60  9:54  Probe  
  60  9:58  Carrier x2  
  60  9:59  Carrier x2  
  91  10:00  Carrier x2  
  91  10:06  Probe  
  98  10:10  Probe  
  99  10:18  Probe x2  
  100  10:28  Probe  
  102  10:40  Probe  
  103  10:52  Probe  
  103  10:56  Protoss Air Armor Level 2, Protoss Air Weapons Level 2  
  104  11:04  Carrier x2  
  116  11:30  Carrier x2  
  116  11:32  Carrier  
  134  11:33  Carrier  
  140  11:56  Nexus  
  140  12:02  Assimilator  
  140  12:04  Assimilator  
  140  12:08  Pylon  
  140  12:12  Pylon  
  140  12:17  Pylon  
  140  12:20  Pylon  
  140  12:33  Carrier  
  140  12:34  Carrier x2  
  140  12:35  Carrier  
  164  12:38  Carrier  
  170  12:52  Probe  
  171  13:00  Probe  
  172  13:09  Probe  
  173  13:15  Probe  
  174  13:21  Probe  
  174  13:23  Protoss Air Weapons Level 3  
  174  13:24  Protoss Air Armor Level 3  
  175  13:27  Probe  
  170  13:51  Probe  
  171  13:59  Probe  
  171  14:03  Carrier x2  
  171  14:04  Carrier x2  
  171  14:09  Probe  
  101  15:29  Carrier x2  
  101  15:30  Carrier x3  
  101  15:31  Carrier x2  
  101  15:32  Carrier  
  81  16:26  Pylon  
  81  16:27  Pylon  
  81  16:32  Pylon  
  77  16:33  Carrier x2  
  77  16:34  Pylon, Carrier x2  
  77  16:35  Carrier  
  77  16:36  Pylon, Carrier  
  113  16:45  Carrier  
  113  17:11  Pylon  
  113  17:13  Pylon  
  113  17:17  Pylon  
  113  17:19  Pylon  
  113  17:23  Pylon  
  113  17:25  Pylon  
  113  17:28  Pylon  
  113  17:30  Carrier  
  119  17:37  Carrier  
  119  17:38  Carrier  
Show
View Real Time Build Order
Export as new Build Order

Superte Terran 

Build Orders:  

Get SALT Encoding   

  12  0:02  SCV  
  14  0:14  SCV  
  14  0:22  Supply Depot  
  14  0:26  SCV  
  15  0:31  Refinery  
  15  0:39  Refinery  
  15  0:51  Barracks  
  15  0:54  SCV  
  16  1:06  SCV  
  17  1:15  Engineering Bay  
  17  1:18  SCV  
  18  1:30  SCV  
  19  1:47  Orbital Command  
  19  2:20  Command Center  
  19  2:29  Missile Turret  
  19  2:38  SCV  
  19  2:39  Factory  
  19  2:44  Supply Depot  
  20  2:52  Marine  
  21  3:25  Missile Turret  
  21  3:28  Widow Mine  
  21  3:34  Starport  
  23  3:35  Armory  
  23  3:44  Orbital Command  
  23  3:45  Refinery  
  23  4:08  Factory Tech Lab  
  23  4:16  Fusion Core  
  23  4:17  Starport Tech Lab  
  23  4:22  Starport  
  23  4:31  Terran Vehicle And Ship Armor Level 1  
  23  4:33  Missile Turret  
  23  4:36  SCV  
  24  4:40  Refinery  
  24  4:48  SCV  
  25  4:57  Drilling Claws  
  25  4:59  Widow Mine  
  27  5:03  Starport Tech Lab  
  27  5:09  SCV  
  28  5:21  SCV  
  28  5:28  Supply Depot  
  29  5:33  SCV  
  30  5:35  Missile Turret  
  30  5:46  SCV  
  31  5:57  Missile Turret  
  31  5:59  SCV  
  32  6:04  Command Center  
  32  6:05  Widow Mine  
  32  6:07  Battlecruiser  
  32  6:08  Battlecruiser  
  46  6:11  SCV  
  47  6:48  Missile Turret  
  47  6:56  Weapon Refit  
  47  6:57  Terran Vehicle And Ship Armor Level 2  
  47  7:03  Armory  
  47  7:05  Supply Depot  
  47  7:10  Supply Depot  
  47  7:11  Missile Turret  
  47  7:15  Widow Mine  
  49  7:22  Orbital Command  
  49  7:28  Supply Depot  
  49  7:33  Supply Depot  
  49  7:38  Missile Turret  
  49  7:48  Battlecruiser  
  55  8:00  SCV  
  55  8:03  Refinery  
  56  8:12  SCV  
  57  8:16  Refinery, Terran Ship Weapons Level 1  
  57  8:22  Battlecruiser  
  57  8:24  SCV  
  64  8:36  SCV  
  65  8:49  SCV  
  65  8:54  Battlecruiser  
  65  8:55  Missile Turret  
  72  9:05  Missile Turret  
  72  9:12  Starport  
  72  9:14  Terran Vehicle And Ship Armor Level 3  
  72  9:51  Starport  
  72  10:16  Missile Turret  
  72  10:26  Terran Ship Weapons Level 2  
  72  10:36  Missile Turret  
  72  10:56  Missile Turret  
  72  11:12  Command Center  
  72  11:15  Missile Turret  
  72  11:20  Battlecruiser x2  
  84  11:35  Command Center  
  83  12:02  Starport Tech Lab  
  83  12:11  Starport Tech Lab  
  83  12:20  SCV  
  84  12:32  SCV, Battlecruiser  
  84  12:33  Battlecruiser  
  97  12:41  Battlecruiser x2  
  109  12:45  Supply Depot  
  109  12:47  SCV  
  110  12:59  SCV  
  111  13:11  Orbital Command  
  111  13:37  Battlecruiser x2  
  99  13:56  Battlecruiser x2  
  99  14:00  SCV  
  94  14:12  SCV  
  95  14:19  Starport  
  95  14:20  Terran Ship Weapons Level 3  
  95  14:24  SCV  
  96  14:34  Factory  
  96  14:37  SCV  
  97  14:49  SCV  
  98  15:00  Starport  
  98  15:15  Starport Tech Lab  
  98  15:31  Refinery  
  98  15:32  Refinery  
  98  15:38  Starport  
  98  15:40  Starport Tech Lab  
  98  15:41  Battlecruiser x3  
  98  15:42  Battlecruiser x2  
  122  16:17  Starport  
  122  16:30  Battlecruiser  
  122  16:45  Battlecruiser  
  128  16:59  Battlecruiser  
  128  17:03  Battlecruiser  
  78  17:18  Battlecruiser x2  
  84  17:23  Starport Tech Lab x2  
  53  18:55  Battlecruiser x3  
  71  18:56  Battlecruiser  
  77  19:12  Battlecruiser  
  66  19:55  Battlecruiser x2  
Show
View Real Time Build Order
Export as new Build Order

Smileblind Protoss - Winner!

Build Orders: Carriers 

Get SALT Encoding   

  12  0:02  Probe  
  14  0:14  Probe  
  14  0:23  Pylon  
  14  0:26  Probe  
  15  0:40  Assimilator  
  15  0:41  Probe  
  16  0:52  Gateway  
  16  0:53  Probe  
  17  1:02  Probe  
  17  1:06  Pylon  
  17  1:10  Probe  
  19  1:20  Probe  
  19  1:22  Assimilator  
  20  1:31  Gateway  
  20  1:33  Zealot  
  22  1:49  Probe  
  23  1:54  Zealot  
  23  2:01  Probe  
  26  2:04  Cybernetics Core  
  26  2:13  Probe  
  26  2:14  Pylon, Zealot  
  29  2:51  Warp Gate  
  29  2:56  Nexus  
  29  2:57  Stalker  
  31  3:00  Pylon  
  31  3:12  Shield Battery  
  31  3:17  Stalker  
  33  3:24  Probe  
  34  3:36  Probe  
  34  3:40  Forge  
  35  3:54  Probe  
  35  3:55  Pylon  
  36  4:06  Probe  
  36  4:08  Gateway  
  37  4:14  Probe  
  38  4:18  Probe  
  39  4:26  Stargate  
  39  4:29  Probe  
  39  4:30  Probe  
  41  4:40  Twilight Council  
  41  4:52  Probe x2  
  43  4:54  Pylon  
  43  5:00  Probe  
  43  5:01  Assimilator  
  43  5:04  Probe  
  45  5:08  Probe  
  45  5:12  Assimilator  
  46  5:18  Charge  
  46  5:21  Probe  
  47  5:29  Probe  
  47  5:34  Oracle  
  48  5:39  Probe  
  48  5:41  Dark Shrine  
  52  5:51  Probe  
  53  5:58  Pylon  
  53  6:03  Photon Cannon, Probe  
  54  6:17  Nexus  
  54  6:30  Dark Shrine, Probe  
  54  6:38  Probe  
  55  6:46  Fleet Beacon  
  56  6:47  Probe  
  57  6:55  Gateway  
  57  6:56  Gateway  
  57  6:59  Probe  
  58  7:07  Gateway  
  58  7:09  Dark Templar  
  58  7:10  Dark Templar  
  58  7:11  Probe  
  60  7:27  Dark Templar  
  62  7:31  Probe  
  63  7:39  Probe  
  63  7:40  Pylon  
  63  7:41  Pylon  
  64  7:46  Mothership  
  64  7:47  Protoss Air Weapons Level 1  
  64  7:48  Probe  
  64  7:49  Carrier  
  79  8:01  Probe  
  80  8:13  Probe  
  80  8:18  Gateway  
  81  8:22  Shield Battery  
  81  8:23  Probe  
  81  8:25  Pylon  
  82  8:28  Pylon  
  82  8:31  Probe  
  82  8:39  Probe  
  83  8:47  Probe  
  84  8:53  Shield Battery  
  84  8:55  Shield Battery, Assimilator x2  
  85  8:56  Probe  
  85  8:59  Shield Battery  
  86  9:04  Shield Battery  
  86  9:05  Shield Battery  
  86  9:08  Probe  
  86  9:09  Shield Battery  
  87  9:10  Carrier  
  87  9:16  Gateway  
  87  9:18  Stargate  
  87  9:19  Stargate  
  87  9:20  Probe  
  94  9:25  Photon Cannon  
  94  9:29  Photon Cannon  
  94  9:30  Protoss Ground Weapons Level 1  
  94  9:38  Protoss Air Weapons Level 2  
  94  9:51  Probe  
  94  9:59  Probe  
  95  10:01  Stargate  
  96  10:09  Probe  
  96  10:10  Carrier x2  
  109  10:14  Carrier  
  109  10:21  Probe  
  116  10:30  Shield Battery  
  116  10:41  Robotics Facility  
  116  10:44  Pylon  
  116  10:48  Pylon  
  116  10:50  Pylon  
  116  10:53  Pylon  
  108  11:00  Stalker  
  108  11:01  Stalker  
  108  11:02  Stalker x2  
  110  11:10  Carrier  
  110  11:11  Carrier  
  110  11:21  Carrier x2  
  134  11:32  Observer  
  135  11:36  Dark Templar  
  137  11:44  Shield Battery  
  137  11:45  Shield Battery  
  137  11:48  Shield Battery  
  137  11:53  Shield Battery  
  137  11:54  Observer  
  138  11:58  Protoss Air Weapons Level 3  
  138  12:07  Carrier  
  144  12:28  Pylon  
  144  12:32  Pylon  
  144  12:34  Pylon  
  144  12:42  Carrier  
  150  12:44  Pylon, Carrier  
  156  12:58  Pylon  
  156  13:00  Nexus  
  156  13:02  Pylon  
  156  13:03  Pylon  
  156  13:05  Mothership  
  164  13:22  Carrier  
  164  14:06  Carrier x2  
  176  14:22  Observer, Carrier  
  176  14:23  Carrier  
  189  14:43  Protoss Ground Weapons Level 2  
  189  14:50  Protoss Air Armor Level 1  
  189  15:01  Dark Templar  
  189  15:07  Dark Templar  
  193  15:15  Dark Templar  
  193  15:19  Zealot x2  
  187  16:35  Void Ray x3  
  182  18:25  Void Ray  
  182  18:26  Void Ray x3  
  150  20:24  Void Ray  
  150  20:25  Void Ray  
  166  20:32  Zealot x3  
  166  20:34  Stalker x2  
  162  20:42  Stalker  
  116  21:06  Stalker  
  116  21:07  Stalker, Void Ray x2  
  116  21:09  Stalker x3  
  116  21:10  Stalker  
  136  21:11  Stalker  
  136  21:41  Dark Templar x2  
  140  21:50  Void Ray x2  
  114  24:21  Zealot x4  
  114  24:22  Zealot x3  
  128  24:47  Zealot  
  128  24:48  Zealot x5  
  128  24:49  Zealot  
Show
View Real Time Build Order
Export as new Build Order

Cotita Terran - Winner!

Build Orders:  

Get SALT Encoding   

  12  0:10  Supply Depot  
  12  0:14  SCV  
  13  0:26  SCV  
  14  0:37  Barracks  
  14  0:39  SCV  
  15  0:50  Refinery  
  15  0:51  SCV  
  16  1:01  Refinery  
  16  1:03  SCV  
  17  1:15  SCV, Supply Depot  
  18  1:29  SCV  
  19  1:38  Barracks Tech Lab  
  19  1:41  SCV  
  20  1:53  SCV  
  21  1:57  Factory  
  21  2:00  Marauder  
  23  2:05  SCV  
  24  2:17  SCV  
  25  2:38  SCV  
  25  2:40  Command Center  
  26  2:51  Factory Tech Lab  
  26  2:59  Orbital Command  
  26  3:05  Starport  
  26  3:16  Siege Tank  
  29  3:28  SCV  
  30  3:40  SCV  
  31  3:43  Starport Reactor  
  31  3:44  Refinery  
  31  3:51  Starport  
  31  3:53  SCV, Refinery  
  32  4:05  SCV  
  32  4:06  Siege Tank  
  36  4:14  Starport  
  36  4:17  SCV  
  36  4:23  Orbital Command  
  37  4:29  SCV  
  38  4:36  Starport Reactor  
  38  4:37  Viking  
  38  4:38  Viking  
  42  4:48  Starport  
  42  4:56  Starport Reactor  
  42  5:10  Viking  
  42  5:11  Viking  
  46  5:30  Supply Depot  
  46  5:32  Supply Depot  
  46  5:34  Supply Depot, Starport Reactor  
  46  5:45  Armory  
  46  5:52  SCV, Viking  
  49  6:00  Supply Depot  
  49  6:01  SCV  
  50  6:04  SCV  
  51  6:13  SCV, Viking  
  51  6:16  SCV  
  55  6:19  Viking  
  58  6:25  SCV  
  58  6:27  Viking  
  58  6:28  SCV  
  58  6:32  Viking  
  63  6:33  Armory  
  63  6:40  SCV, Viking  
  63  6:41  Viking  
  63  6:46  Terran Vehicle And Ship Armor Level 1  
  68  6:52  SCV x2  
  70  6:59  Viking x2  
  74  7:04  SCV, Starport  
  75  7:13  Viking  
  77  7:16  SCV  
  77  7:19  Supply Depot  
  78  7:27  Terran Ship Weapons Level 1  
  78  7:40  Viking  
  78  7:41  Supply Depot  
  80  8:02  SCV  
  80  8:04  Supply Depot  
  81  8:09  Viking x6  
  81  8:11  Starport Reactor  
  93  8:25  Viking  
  95  8:27  Supply Depot  
  95  8:38  Viking  
  95  8:39  Viking x2  
  101  8:49  Supply Depot, Viking  
  103  8:57  Terran Vehicle And Ship Armor Level 2  
  103  9:30  Command Center  
  103  9:42  Viking x5  
  103  9:43  Viking  
  115  9:53  Terran Ship Weapons Level 2  
  115  10:41  Viking x3  
  115  10:42  Viking x4  
  129  11:52  Viking  
  129  11:53  Viking  
  133  11:54  Refinery  
  133  11:58  Refinery  
  133  12:05  Supply Depot  
  133  12:06  Supply Depot  
  133  12:08  Supply Depot  
  133  12:26  Viking x4  
  133  12:28  Viking x4  
  149  12:30  Viking x2  
  149  12:33  Supply Depot  
  149  12:34  Supply Depot  
  149  12:35  Terran Ship Weapons Level 3  
  153  12:45  Terran Vehicle And Ship Armor Level 3  
  153  12:56  Viking x3  
  143  14:27  Viking x5  
  143  14:28  Viking x2  
  157  14:34  Supply Depot  
  157  14:38  Supply Depot  
  157  14:55  Viking x3  
  157  14:57  Supply Depot, Viking  
  165  15:00  Viking x4  
Show
View Real Time Build Order
Export as new Build Order

EFRAS Terran - Winner!

Build Orders:  

Get SALT Encoding   

  12  0:09  SCV  
  13  0:21  SCV  
  14  0:34  SCV  
  14  0:35  Supply Depot  
  15  0:37  Refinery  
  15  0:52  Supply Depot  
  16  0:57  SCV  
  16  0:58  Barracks  
  16  1:15  Barracks  
  16  1:36  SCV  
  16  1:37  Barracks  
  17  1:43  Refinery  
  17  1:54  SCV  
  17  1:59  Barracks Tech Lab  
  18  2:16  SCV  
  18  2:18  Barracks Reactor  
  18  2:19  Marine  
  20  2:29  Orbital Command  
  20  2:39  Combat Shield  
  20  2:42  Barracks Tech Lab  
  20  2:45  Engineering Bay, Marine  
  21  2:55  Supply Depot  
  21  2:57  SCV  
  24  3:05  Marauder  
  24  3:09  SCV  
  24  3:12  Marine  
  26  3:14  Marine  
  27  3:21  Marauder  
  27  3:24  Concussive Shells  
  29  3:27  SCV  
  29  3:31  Marine  
  29  3:33  Marine  
  32  3:38  Marauder  
  34  6:27  SCV  
  34  6:30  Marauder x2  
  39  6:36  Supply Depot  
  39  6:51  Command Center  
  39  6:55  Supply Depot  
  39  6:57  Marine x2  
  39  6:58  SCV  
  42  7:03  Command Center  
  42  7:10  SCV  
  42  7:14  Factory  
  43  7:16  Factory  
  43  7:18  Factory  
  43  7:20  Marauder  
  43  7:21  Marauder, Marine x2  
  43  7:22  SCV  
  50  7:23  Terran Infantry Weapons Level 1  
  50  7:25  Factory  
  50  7:28  Engineering Bay  
  50  7:33  Missile Turret  
  50  7:34  SCV  
  51  7:39  Marine  
  52  7:54  Refinery  
  52  7:56  Refinery, Marauder x2, Marine x2  
  58  7:59  Refinery  
  58  8:00  Missile Turret  
  58  8:01  SCV, Missile Turret  
  58  8:02  Refinery  
  59  8:08  Factory Tech Lab  
  59  8:12  Factory Tech Lab  
  59  8:14  Factory Tech Lab  
  59  8:17  Factory Tech Lab  
  59  8:20  SCV  
  59  8:23  SCV  
  62  8:27  SCV  
  62  8:35  SCV  
  63  8:49  SCV x3  
  66  9:00  Widow Mine x3  
  66  9:01  SCV x3, Widow Mine  
  77  9:09  Marine  
  78  9:13  SCV x2  
  78  9:14  SCV  
  78  9:16  Terran Infantry Armor Level 1  
  81  9:41  Widow Mine x3  
  81  9:42  Armory, Widow Mine  
  81  9:44  Armory  
  89  10:03  Widow Mine x4  
  89  10:04  Starport  
  97  10:09  SCV x2, Starport  
  97  10:11  SCV  
  100  10:25  Supply Depot  
  100  10:27  Supply Depot  
  100  10:28  SCV  
  100  10:30  Orbital Command  
  100  10:33  SCV  
  102  11:05  Sensor Tower  
  102  11:14  Drilling Claws  
  102  11:16  Smart Servos  
  102  11:18  Thor  
  102  11:19  Thor  
  102  11:20  Thor  
  102  11:25  Starport Tech Lab  
  120  11:35  Starport Tech Lab  
  120  11:48  SCV  
  120  11:49  SCV  
  120  11:50  Orbital Command  
  122  11:56  Sensor Tower  
  122  12:00  Terran Vehicle And Ship Armor Level 1, Terran Vehicle Weapons Level 1  
  122  12:02  Corvid Reactor  
  122  12:04  Raven  
  124  12:12  Supply Depot  
  124  12:14  Supply Depot  
  124  12:17  Supply Depot  
  124  12:18  SCV  
  125  12:23  Raven  
  125  12:24  SCV x2  
  125  12:26  Thor  
  135  12:33  Terran Infantry Weapons Level 2  
  135  12:35  SCV  
  136  12:41  SCV x2  
  138  13:01  SCV x3  
  138  13:05  Thor  
  141  13:06  Thor  
  141  13:09  Thor  
  141  13:11  Sensor Tower  
  159  13:14  Raven  
  161  14:27  Command Center  
  161  14:36  Command Center  
  161  14:50  Supply Depot, Terran Vehicle Weapons Level 2  
  160  14:56  Supply Depot  
  160  14:59  Supply Depot  
  158  15:01  Supply Depot  
  154  15:12  Supply Depot  
  152  15:18  Supply Depot  
  152  15:24  Supply Depot  
  152  15:31  Thor x3  
  169  15:50  Supply Depot  
  169  15:53  Orbital Command  
  169  15:54  Armory  
  169  16:24  Widow Mine x2  
  169  16:25  Widow Mine x2  
  177  16:46  Widow Mine x4  
  184  16:58  Command Center  
  184  17:32  Terran Vehicle And Ship Armor Level 2  
  184  17:33  Terran Vehicle Weapons Level 3  
  184  17:35  Raven x2  
  182  18:11  Command Center  
  182  18:12  Refinery  
  149  18:14  Refinery  
  109  19:39  Thor x4  
  133  19:50  Raven  
  113  20:03  Terran Vehicle And Ship Armor Level 3  
  113  20:04  Terran Infantry Armor Level 2  
  113  20:05  Terran Infantry Weapons Level 3  
  113  20:06  Marine x4  
  117  20:13  Orbital Command  
  117  20:20  Terran Ship Weapons Level 1  
  117  20:21  Thor  
  117  20:22  Thor x2  
  117  20:24  Marine x4  
  137  20:33  Raven  
  139  20:42  Marine x4  
  143  20:43  Thor  
  148  20:59  Marine  
  149  21:04  Thor x2  
  149  21:06  Factory  
  149  21:11  Factory  
  161  21:14  Marine x3  
  161  21:17  Marine  
  165  21:21  Thor  
  171  21:26  Thor  
  177  21:45  Starport Tech Lab  
  177  21:47  Thor x2  
  177  21:51  Factory Tech Lab  
  177  21:53  Starport  
  189  21:56  Factory Tech Lab  
  189  22:21  Thor  
  195  22:50  Starport Tech Lab  
  195  22:53  Starport, Orbital Command  
  194  23:09  Refinery  
  194  23:12  Refinery  
  194  23:20  Thor  
  200  23:30  Starport Tech Lab  
  200  24:06  Starport  
Show
View Real Time Build Order
Export as new Build Order

Lucas Protoss - Winner!

Build Orders: Nexus First, Carriers, Carrier Rush 

Get SALT Encoding   

  12  0:11  Probe  
  13  0:19  Probe  
  13  0:27  Probe  
  15  0:49  Nexus  
  15  1:03  Pylon  
  15  1:31  Gateway  
  15  1:34  Assimilator  
  15  1:38  Assimilator  
  15  1:41  Probe  
  16  1:49  Probe  
  17  1:57  Probe  
  17  2:06  Probe  
  17  2:08  Probe  
  20  2:18  Probe  
  20  2:19  Cybernetics Core  
  20  2:20  Probe  
  22  2:24  Pylon  
  22  2:32  Probe, Pylon  
  22  2:36  Probe  
  24  2:44  Probe  
  24  2:49  Probe  
  26  2:57  Stargate  
  26  2:59  Stargate  
  26  3:11  Assimilator  
  26  3:14  Probe x2  
  26  3:15  Assimilator  
  28  3:26  Probe x2  
  30  3:39  Probe x2  
  32  3:43  Fleet Beacon  
  32  3:48  Cybernetics Core  
  32  3:50  Pylon  
  32  3:51  Pylon  
  32  3:56  Pylon  
  32  4:06  Probe  
  32  4:07  Probe  
  34  4:14  Probe  
  34  4:15  Probe  
  34  4:23  Probe x2  
  38  4:35  Probe x2, Carrier x2  
  52  4:57  Stargate  
  52  5:14  Nexus  
  52  5:18  Assimilator  
  52  5:22  Assimilator  
  52  5:41  Carrier  
  52  5:43  Carrier x2  
  52  5:47  Probe x2  
  72  6:11  Pylon x2  
  72  6:12  Pylon  
  72  6:14  Pylon  
  72  6:15  Pylon  
  72  6:16  Pylon  
  72  6:27  Probe  
  73  6:35  Probe  
  74  6:45  Probe  
  74  6:46  Carrier  
  80  6:48  Carrier  
  87  7:01  Pylon  
  87  7:02  Pylon  
  87  7:04  Pylon  
  87  7:05  Pylon  
  87  7:06  Pylon  
  87  7:07  Pylon  
  87  7:09  Pylon  
  87  7:12  Carrier  
  93  7:25  Protoss Air Armor Level 1, Protoss Air Weapons Level 1  
  93  7:33  Stargate  
  93  7:51  Carrier  
  99  8:02  Carrier  
  105  8:10  Probe x2  
  107  8:22  Probe x2  
  107  8:26  Carrier  
  115  8:34  Probe x2  
  117  8:54  Carrier  
  123  8:58  Carrier  
  129  9:06  Carrier  
  135  9:30  Carrier  
  141  9:34  Mothership  
  141  9:41  Pylon  
  141  9:43  Pylon  
  141  9:44  Pylon  
  141  9:59  Carrier  
  155  10:09  Carrier  
  161  10:26  Carrier  
  167  10:59  Carrier  
  173  11:24  Carrier x2  
  185  11:34  Protoss Air Armor Level 2, Protoss Air Weapons Level 2  
  185  12:06  Carrier x2  
  177  13:47  Carrier  
  177  13:48  Carrier x3  
  79  17:39  Stargate  
  79  17:40  Stargate  
  79  17:41  Stargate  
  79  17:43  Stargate  
  79  17:46  Protoss Air Weapons Level 3, Protoss Air Armor Level 3  
  79  17:55  Carrier x2  
  61  19:06  Carrier x3  
  61  19:07  Carrier x3  
  97  20:11  Carrier x6  
  97  20:13  Nexus  
  133  20:17  Assimilator  
  133  20:18  Assimilator  
  133  21:15  Carrier x4  
  127  22:46  Nexus  
  127  22:50  Assimilator x2  
Tags
 
Add a new tag
Caveats
  • Supply blocks, unpowered buildings, or Contaminate may cause inaccurate times.
  • Supply counts are checked every 10 seconds.